Map: Triton LE

Players

Khun (Ranger) - Winner!

  • Race: Protoss Protoss
  • Spawn Location: 5:00

Chanthorn

  • Race: Terran Terran
  • Spawn Location: 11:00

Event: SEA Games 2019

VOD

https://youtu.be/WWdaLn2mZ4w

Description

Time

  • Played on: Dec. 5, 2019, 5:28 a.m.
  • Length: 15:09

All games in this series

Show
View Real Time Build Order
Export as new Build Order

Khun Protoss - Winner!

Build Orders: 1 Gate Expand 

Get SALT Encoding   

  12  0:00  Probe  
  13  0:12  Probe  
  14  0:17  Pylon  
  14  0:24  Probe  
  15  0:36  Gateway  
  15  0:38  Probe (Chrono Boost)  
  16  0:46  Probe (Chrono Boost)  
  16  0:49  Assimilator  
  17  0:53  Probe  
  18  1:05  Probe  
  19  1:17  Probe  
  20  1:25  Nexus  
  20  1:35  Cybernetics Core  
  20  1:41  Assimilator  
  20  1:46  Probe  
  21  1:51  Pylon  
  21  1:58  Probe (Chrono Boost)  
  22  2:10  Probe (Chrono Boost), Adept (Chrono Boost)  
  22  2:14  Warp Gate  
  25  2:18  Probe (Chrono Boost)  
  26  2:26  Robotics Facility  
  27  2:30  Probe (Chrono Boost)  
  27  2:33  Adept  
  29  2:38  Probe (Chrono Boost)  
  30  2:47  Probe x2 (Chrono Boost)  
  31  2:52  Probe (Chrono Boost)  
  31  2:53  Probe  
  33  3:03  Stalker  
  36  3:10  Gateway  
  35  3:13  Gateway  
  35  3:19  Warp Prism (Chrono Boost)  
  38  3:24  Probe  
  38  3:28  Probe  
  38  3:33  Pylon  
  39  3:36  Probe  
  39  3:41  Probe  
  41  3:45  Pylon  
  41  3:53  Probe  
  42  4:01  Probe, Stalker  
  45  4:07  Stalker  
  45  4:08  Observer (Chrono Boost)  
  48  4:11  Stalker  
  48  4:13  Probe  
  48  4:16  Pylon  
  48  4:17  Shield Battery  
  50  4:19  Probe  
  50  4:20  Shield Battery  
  50  4:24  Stalker  
  50  4:26  Probe  
  53  4:32  Stalker  
  55  4:39  Stalker  
  55  4:43  Immortal  
  61  4:55  Probe  
  61  4:56  Probe  
  61  4:57  Twilight Council  
  63  5:03  Assimilator  
  63  5:06  Assimilator  
  63  5:08  Probe x2  
  65  5:20  Probe  
  66  5:23  Probe  
  65  5:28  Blink (Chrono Boost)  
  65  5:31  Robotics Bay  
  65  5:32  Probe  
  65  5:35  Probe  
  67  5:49  Stalker  
  69  5:54  Pylon  
  69  5:55  Pylon, Nexus  
  69  6:12  Stalker  
  69  6:13  Stalker x2  
  69  6:18  Disruptor (Chrono Boost)  
  78  6:22  Pylon  
  78  6:28  Forge  
  78  6:31  Gateway  
  78  6:32  Gateway  
  78  6:33  Probe  
  78  6:37  Probe, Pylon  
  80  6:40  Zealot  
  80  6:43  Stalker x2  
  86  6:47  Probe  
  86  6:51  Disruptor (Chrono Boost)  
  90  6:55  Pylon  
  90  6:57  Pylon  
  90  7:19  Disruptor  
  93  7:27  Stalker  
  93  7:28  Stalker x2  
  99  7:31  Probe  
  99  7:32  Probe  
  99  7:34  Assimilator, Robotics Facility  
  99  7:36  Assimilator  
  87  7:55  Disruptor, Stalker x3  
  87  7:56  Stalker  
  96  8:00  Protoss Ground Armor Level 1 (Chrono Boost)  
  94  8:08  Probe (Chrono Boost)  
  94  8:09  Probe x2 (Chrono Boost)  
  94  8:11  Charge (Chrono Boost)  
  94  8:15  Forge  
  94  8:18  Probe x2 (Chrono Boost)  
  96  8:20  Probe (Chrono Boost)  
  96  8:23  Immortal  
  96  8:24  Probe  
  102  8:30  Disruptor  
  105  8:36  Probe (Chrono Boost)  
  107  8:43  Probe (Chrono Boost)  
  107  8:45  Probe (Chrono Boost)  
  107  8:48  Nexus  
  109  8:52  Probe (Chrono Boost)  
  109  8:53  Pylon  
  109  8:54  Probe (Chrono Boost)  
  109  8:55  Probe (Chrono Boost)  
  111  8:59  Probe  
  111  9:00  Photon Cannon  
  112  9:02  Photon Cannon  
  112  9:06  Probe  
  112  9:07  Pylon  
  112  9:08  Probe  
  114  9:10  Pylon  
  114  9:12  Probe  
  114  9:13  Disruptor  
  115  9:17  Disruptor  
  115  9:19  Probe  
  115  9:21  Probe  
  119  9:27  Probe  
  119  9:31  Zealot x3  
  124  9:32  Zealot  
  124  9:36  Probe x2  
  130  9:39  Zealot  
  132  9:48  Disruptor  
  127  9:54  Zealot x2  
  127  9:55  Zealot x2  
  129  10:11  Stalker  
  126  10:15  Gateway  
  126  10:16  Probe  
  126  10:17  Gateway  
  126  10:19  Disruptor, Gateway  
  124  10:21  Gateway  
  124  10:22  Gateway  
  124  10:23  Disruptor  
  99  10:43  Protoss Ground Armor Level 2 (Chrono Boost)  
  99  10:45  Stalker  
  99  10:46  Stalker x4  
  95  10:50  Disruptor  
  95  10:52  Probe x2  
  95  10:53  Forge  
  95  10:54  Assimilator  
  95  10:55  Disruptor  
  95  10:56  Probe  
  101  10:58  Assimilator  
  104  11:05  Sentry x2  
  104  11:06  Sentry x2  
  112  11:13  Stalker x2  
  112  11:14  Stalker x2  
  120  11:25  Stalker x5  
  122  11:26  Zealot  
  122  11:31  Observer  
  129  11:37  Pylon  
  127  11:41  Stalker x2  
  127  11:42  Stalker x2  
  135  11:51  Protoss Ground Weapons Level 1 (Chrono Boost)  
  123  12:02  Stalker x5  
  123  12:03  Stalker  
  120  12:20  Stalker x2  
  120  12:21  Stalker x2  
  108  12:36  Stalker x2  
  108  12:37  Stalker x4  
  106  12:39  Nexus  
  106  12:42  Pylon  
  110  12:45  Disruptor x2  
  110  12:49  Zealot, Sentry x3  
  122  12:54  Templar Archives  
  122  12:59  Dark Shrine  
  122  13:04  Zealot x2  
  122  13:19  Immortal (Chrono Boost)  
  116  13:20  Zealot x5  
  116  13:21  Zealot x3  
  140  13:28  Zealot x2  
  140  13:29  Immortal (Chrono Boost)  
  130  13:43  Zealot x5  
  130  13:44  Zealot x3  
  121  14:06  Zealot x8  
  121  14:07  Zealot x2  
  134  14:13  Warp Prism (Chrono Boost)  
  128  14:22  Probe x3  
  129  14:28  Assimilator, High Templar x6  
  129  14:29  High Templar  
  129  14:30  Assimilator, High Templar  
  145  14:32  Archon x3  
  145  14:33  Photon Cannon  
  145  14:34  Observer (Chrono Boost)  
  145  14:36  Photon Cannon  
  146  14:38  Archon  
  146  14:39  High Templar x2  
  150  14:48  Photon Cannon  
  150  14:50  Robotics Facility, Shield Battery  
  150  14:54  Archon  
Show
View Real Time Build Order
Export as new Build Order

Chanthorn Terran 

Build Orders: Reaper Expand 

Get SALT Encoding   

  12  0:00  SCV  
  13  0:13  SCV  
  14  0:17  Supply Depot  
  14  0:25  SCV  
  15  0:38  SCV  
  15  0:39  Barracks  
  16  0:43  Refinery  
  16  0:50  SCV  
  17  1:02  SCV  
  19  1:30  Reaper, Orbital Command  
  19  1:40  Command Center  
  19  1:54  Supply Depot  
  19  1:56  SCV  
  19  1:58  Refinery  
  20  2:02  Barracks Reactor  
  20  2:08  SCV  
  21  2:20  SCV  
  22  2:26  Factory  
  22  2:32  SCV  
  23  2:38  Marine  
  23  2:39  Marine  
  25  2:44  SCV  
  26  2:52  Orbital Command  
  26  2:56  SCV  
  26  2:57  Marine  
  26  2:58  Marine  
  29  3:08  SCV  
  29  3:10  Hellion  
  32  3:15  Starport  
  31  3:20  Marine, SCV  
  31  3:21  Marine  
  31  3:23  SCV  
  35  3:31  Factory Tech Lab  
  35  3:32  SCV  
  36  3:35  SCV  
  37  3:41  Supply Depot  
  37  3:45  SCV  
  37  3:47  SCV  
  39  3:51  Supply Depot  
  39  3:52  Bunker  
  39  3:57  Factory Tech Lab, SCV  
  39  3:59  Supply Depot  
  40  4:02  Marine x2  
  40  4:03  SCV  
  40  4:08  Raven  
  40  4:09  SCV  
  46  4:12  Supply Depot  
  46  4:15  SCV  
  46  4:16  Siege Tank  
  50  4:21  SCV  
  49  4:27  Supply Depot, SCV  
  49  4:28  Marine x2  
  52  4:33  Supply Depot, SCV  
  52  4:35  Refinery  
  52  4:39  SCV  
  53  4:53  Marine x2, SCV  
  53  4:55  SCV  
  53  4:56  Siege Tank  
  60  5:01  Barracks  
  60  5:03  Barracks  
  60  5:05  SCV  
  61  5:07  SCV  
  62  5:19  SCV  
  61  5:26  SCV  
  61  5:29  Marine  
  61  5:31  Siege Tank  
  61  5:34  Starport Reactor, SCV  
  66  5:37  Refinery  
  66  5:38  SCV  
  66  5:47  SCV  
  66  5:49  Combat Shield, Marauder  
  69  5:50  SCV  
  69  5:55  Supply Depot  
  69  5:56  Marine x2  
  72  5:59  SCV  
  72  6:01  Supply Depot  
  72  6:02  SCV  
  74  6:10  Medivac x2  
  74  6:11  Marauder, SCV  
  81  6:13  Factory Reactor  
  81  6:15  Supply Depot, SCV  
  81  6:17  Supply Depot  
  81  6:18  Stimpack  
  82  6:19  Marauder, Marine x2  
  82  6:23  SCV  
  82  6:25  Supply Depot  
  88  6:37  Marauder  
  88  6:38  Marine  
  90  6:40  Command Center  
  90  6:42  Marauder  
  92  6:48  Engineering Bay  
  92  6:51  Marine  
  92  6:52  Engineering Bay  
  93  6:57  Widow Mine x2  
  93  6:59  Marauder  
  93  7:00  Marine  
  100  7:03  Marauder  
  102  7:09  Marine  
  102  7:13  Medivac x2  
  104  7:15  SCV  
  104  7:17  SCV  
  104  7:18  Marine  
  104  7:20  Marauder  
  105  7:25  Marauder  
  105  7:27  Marine  
  105  7:36  Marine  
  102  7:37  SCV  
  102  7:40  SCV  
  102  7:42  Marauder  
  85  7:44  Marine  
  85  7:46  Marauder  
  84  7:53  Marine  
  84  7:54  Viking x2  
  84  7:55  SCV  
  84  7:59  SCV  
  84  8:02  Marine  
  84  8:03  Marauder  
  77  8:07  Marauder, SCV  
  77  8:11  Marine  
  66  8:15  SCV  
  67  8:20  Marine, Orbital Command  
  67  8:24  Marauder  
  70  8:29  Marauder  
  70  8:30  Medivac x2  
  70  8:33  Terran Infantry Weapons Level 1  
  76  8:34  Terran Infantry Armor Level 1  
  76  8:37  Marine  
  76  8:38  Marine  
  78  8:41  SCV  
  78  8:45  Marine, SCV  
  78  8:47  Orbital Command  
  81  8:50  Marauder  
  83  8:56  Marine  
  83  8:57  SCV x2  
  83  9:00  Medivac  
  83  9:01  Marine  
  83  9:02  Barracks x2  
  89  9:03  Marine  
  89  9:09  SCV x2  
  92  9:12  Marauder  
  92  9:13  Supply Depot  
  92  9:14  Marine, SCV  
  96  9:21  SCV  
  96  9:22  SCV  
  98  9:26  SCV  
  99  9:33  Marine, SCV  
  99  9:34  Marauder, SCV  
  99  9:36  Marine  
  99  9:37  Marauder  
  108  9:38  SCV  
  106  9:45  SCV  
  106  9:46  SCV  
  106  9:50  SCV  
  106  9:52  Marine  
  108  9:54  Marine  
  108  9:55  Marauder  
  108  9:57  SCV  
  108  9:58  Marauder, SCV  
  114  10:02  SCV  
  108  10:09  Marine  
  108  10:10  SCV x2  
  108  10:12  Barracks Reactor, Marine, Barracks Tech Lab  
  97  10:17  Marauder  
  97  10:19  Marauder  
  97  10:22  SCV  
  97  10:26  SCV  
  97  10:27  Marine  
  93  10:30  Marine  
  72  10:38  Marauder  
  72  10:39  Orbital Command  
  72  10:41  Marauder  
  67  10:45  Marine  
  67  10:47  Marine  
  67  10:53  SCV x2  
  67  10:55  Medivac x2  
  73  10:59  Marauder  
  73  11:02  Marauder  
  73  11:03  Marauder, Marine x3  
  82  11:05  Marine, SCV  
  82  11:07  SCV  
  85  11:15  SCV  
  85  11:18  Widow Mine x2, Missile Turret  
  90  11:19  SCV  
  90  11:21  Marauder, Marine  
  90  11:22  SCV  
  97  11:25  Marauder  
  97  11:27  Marauder, SCV  
  97  11:29  Supply Depot  
  100  11:38  Marine  
  101  11:42  Marauder, Marine  
  105  11:47  Marauder  
  105  11:48  Marauder  
  105  11:49  Marine  
  105  11:53  Command Center, SCV  
  109  11:59  Medivac x2  
  113  12:03  Marauder  
  113  12:04  Marine x3, SCV  
  113  12:05  SCV  
  113  12:06  SCV  
  123  12:08  Marauder  
  113  12:16  Marauder, Marine  
  113  12:18  SCV  
  113  12:22  Marine x2  
  104  12:24  Marine, SCV  
  104  12:25  Marauder  
  95  12:30  Marauder  
  95  12:33  Marine  
  87  12:37  Marauder  
  87  12:39  Medivac x2  
  87  12:40  Marine x2, Widow Mine  
  87  12:42  Marine  
  98  12:46  Marauder  
  98  12:51  Marine  
  100  12:55  Barracks, SCV x2  
  100  12:56  Refinery, Marine  
  104  12:59  Marauder, Armory  
  104  13:00  SCV  
  104  13:04  Concussive Shells  
  104  13:09  Marauder, Marine  
  104  13:12  Marauder, Marine  
  100  13:17  Marine x2, SCV  
  100  13:19  Planetary Fortress  
  97  13:20  Marauder  
  97  13:25  Supply Depot  
  97  13:27  Marine  
  99  13:28  Barracks  
  99  13:29  Marine  
  99  13:30  Marine  
  99  13:33  SCV  
  103  13:35  Marauder, Marine  
  97  13:42  Marauder  
  97  13:45  Marine  
  97  13:46  Marine  
  95  13:48  Marauder, Marine  
  95  13:50  SCV  
  88  13:56  SCV  
  82  14:03  Marauder, Marine  
  82  14:07  Marine  
  82  14:08  Marauder  
  82  14:13  Barracks Tech Lab  
  82  14:14  Marauder, Marine  
  82  14:15  SCV  
  83  14:18  Marine  
  83  14:20  Marine  
  83  14:25  Marauder  
  83  14:28  Barracks Reactor, Marine  
  83  14:29  Marauder  
  87  14:32  Marine  
  87  14:33  Marauder  
  87  14:35  Marine  
  87  14:36  Marine  
  92  14:38  Marine  
  92  14:40  SCV x2  
  92  14:41  SCV  
  96  14:46  Marauder, Marine  
Tags
 
Add a new tag
Caveats
  • Supply blocks, unpowered buildings, or Contaminate may cause inaccurate times.
  • Supply counts are checked every 10 seconds.